 Dungeon Crawl Stone Soup version 0.29.1-12-g30fa7ad0bf (webtiles) character file.

Game seed: 5329437161964101280

7 wormed the Chopper (level 2, -2/16 HPs)
             Began as a Vine Stalker Berserker on Dec 28, 2022.
             Was a Follower of Trog.
             Splashed by a jelly's acid (3 damage)
             ... on level 2 of the Dungeon.
             The game lasted 00:01:23 (446 turns).

wormed the Chopper (Vine Stalker Berserker)          Turns: 446, Time: 00:01:23

Health: -2/16      AC: -4    Str: 19    XL:     2   Next: 4%
Magic:  0/3        EV: 11    Int:  7    God:    Trog [*.....]
Gold:   14         SH:  0    Dex: 13    Spells: 1/1 levels left

rFire   . . .      SeeInvis .   a - +0 hand axe
rCold   . . .      Faith    .   (no shield)
rNeg    . . .      Spirit   +   c - +0 leather armour
rPois   .          Reflect  .   (no helmet)
rElec   .          Harm     .   (no cloak)
rCorr   .          Rampage  .   (no gloves)
Will    .....                   (no boots)
Stlth   +.........              (no amulet)
HPRegen 0.05/turn               (no ring)
MPRegen 0.08/turn               (no ring)

@: corroded
A: fangs 2, magic shield, antimagic bite, no potion heal 2
a: Renounce Religion, Berserk


You were on level 2 of the Dungeon.
You worshipped Trog.
Trog was aware of your devotion.
You visited 1 branch of the dungeon, and saw 2 of its levels.

You collected 14 gold pieces.

Inventory:

Hand Weapons
 a - a +0 hand axe (weapon)
Missiles
 e - 3 javelins (quivered)
Armour
 b - a +0 animal skin
 c - a +0 leather armour (worn)
Scrolls
 f - a scroll of identify {unknown}
Potions
 d - 2 potions of curing {unknown}
 g - a potion of mutation {unknown}


   Skills:
 + Level 2.8 Fighting
 * Level 2.9 Axes
 + Level 1.7 Armour
 + Level 1.7 Dodging


You had one spell level left.
You didn't know any spells.
Your spell library was empty.

Dungeon Overview and Level Annotations

Branches:
Dungeon (1/15)

Altars:


Innate Abilities, Weirdness & Mutations

You have extremely sharp teeth.
When hurt, damage is shared between your health and your magic reserves.
Your bite disrupts and absorbs the magic of your enemies.
Potions cannot restore your health.


Message History

You see here a giant cockroach corpse.
You now have 14 gold pieces (gained 11).
f - a scroll labelled UWUSHUA EHILONK
Found 6 stones.
A sourceless malevolence fills the Dungeon...
You fall into a shaft and drop 1 floor!
The shaft crumbles and collapses.
Found a viscous green potion.
g - a viscous green potion A kobold comes into view.
It is wielding a +0 club.
Found 6 gold pieces.
Found a stone staircase leading down.
The kobold shouts!
A jelly comes into view.
You hit the kobold.
The kobold is severely wounded.
The kobold barely misses you.
You closely miss the kobold. Your bite misses the kobold.
The kobold is severely wounded.
The kobold hits you but does no damage.
You miss the kobold. Your bite misses the kobold.
The kobold is severely wounded.
The kobold hits you with a +0 club.
You hit the kobold.
You kill the kobold!
Trog accepts your kill.
You hit the jelly.
Your hands burn!
You bite the jelly. You drain its power.
You feel invigorated.
The jelly is moderately wounded.
The jelly jiggles.
The jelly closely misses you.
You hit the jelly. The acid corrodes you!
Your hands burn!
You bite the jelly, but do no damage.
The jelly is heavily wounded.
The jelly closely misses you. x2
You slash the jelly!
Your hands burn!
The jelly is almost dead.
The jelly hits you. The acid corrodes you!
You are splashed with acid.
* * * LOW HITPOINT WARNING * * *
You hit the jelly but do no damage.
Your hands burn!
You die...

..# #.# #.#
#.# #.# #.#
#.####.####
#...J@....#
######.##.#
...##.#
...>###.#
...... #.#
...... #.#
$..... #.#
...... #.#
#.##########


You could see a jelly.

Vanquished Creatures
  A giant cockroach (D:1)
  A hobgoblin (D:1)
  2 kobolds
  A quokka (D:1)
  A ball python (D:1)
  A bat (D:1)
7 creatures vanquished.

Notes
Turn   | Place    | Note
-------+----------+-------------------------------------------
     0 | D:1      | wormed the Vine Stalker Berserker began the quest for the
                  | Orb.
     0 | D:1      | Reached XP level 1. HP: 11/11 MP: 2/2
   312 | D:1      | Found a faded altar of an unknown god.
   329 | D:1      | Reached XP level 2. HP: 16/16 MP: 3/3
   407 | D:1      | You fall into a shaft and drop 1 floor!
   446 | D:2      | Splashed by a jelly's acid

Illustrated notes

Levels and vault maps discovered:
D:1:      nicolae_arrival_somewhat_less_tricky_arrival, layout_loops_ring,
          basic_ecumenical_altar
D:2:      layout_basic, hangedman_decor_growths, uniq_jessica,
          uniq_crazy_yiuf_cottage, uniq_natasha, uniq_robin

Action                   || total
-------------------------++-------
Melee: Hand axe          ||    20
       Bite              ||     4
Armor: Leather armour    ||     2
       Animal skin       ||     1
Dodge: Dodged            ||    10
